 Dungeon Crawl Stone Soup version 0.31-a0-986-g5e6e4ef867 (webtiles) character file.

Game seed: 16517551632158531266

249 Hubris850 the Changeling (level 6, 0/44 HPs)
             Began as a Formicid Shapeshifter on Nov 8, 2023.
             Slain by a sleepcap (4 damage)
             ... on level 4 of the Dungeon.
             The game lasted 00:06:10 (2298 turns).

Hubris850 the Changeling (Formicid Shapeshifter)    Turns: 2298, Time: 00:06:10

Health: 0/44       AC:  3    Str: 25    XL:     6   Next: 35%
Magic:  6/6        EV: 12    Int: 11    God:
Gold:   322        SH:  5    Dex: 13    Spells: 5/5 levels left

rFire   . .          .
                       - Unarmed
rCold   . . .        (no shield)
rNeg    . . .        h - +0 leather armour
rPois   .            (helmet unavailable)
rElec   .            (cloak currently unavailable)
rCorr   .            (gloves currently unavailable)
SInv    +            (boots currently unavailable)
Will    +....        r - amulet of reflection
Stlth   +            i - ring of willpower
HPRegen 0.27/turn    m - +6 ring of strength
MPRegen 0.10/turn

%: reflection
@: beast-form
A: beast (slay +2), permanent stasis, dig shafts and tunnels, antennae 3, four
strong arms
a: Dig, Shaft Self, Begin Untransformation


You were on level 4 of the Dungeon.
You were a hulking beast.
You visited 1 branch of the dungeon, and saw 4 of its levels.

You collected 322 gold pieces.

Inventory:

Hand Weapons
 y - a +2 short sword of electrocution
Missiles
 k - 16 poisoned darts
 B - 3 boomerangs
Armour
 a - a +0 animal skin
 h - a +0 leather armour (worn)
Magical Staves
 f - a staff of earth
Jewellery
 i - a ring of willpower (left hand)
 m - a +6 ring of strength (right hand)
 r - an amulet of reflection (around neck)
 u - a +6 ring of intelligence
Talismans
 c - a beast talisman
 d - a flux talisman
 s - a maw talisman
Wands
 C - a wand of flame (13)
Scrolls
 e - 3 scrolls of enchant weapon {unknown}
 j - a scroll of fear {unknown}
 n - a scroll of teleportation {unknown}
 t - a scroll of brand weapon {unknown}
 x - a scroll of torment {unknown}
 A - a scroll of revelation {unknown}
Potions
 b - a potion of lignification
 g - 2 potions of ambrosia {unknown}
 l - 5 potions of curing {unknown}
 o - 3 potions of heal wounds {unknown}
 p - a potion of enlightenment {unknown}
 q - a potion of magic {unknown}
 v - a potion of might {unknown}
 w - a potion of haste {unknown}
 z - a potion of cancellation {unknown}


   Skills:
 - Level 2.0 Fighting
 + Level 3.4 Dodging
 + Level 4.4 Unarmed Combat
 + Level 4.6 Shapeshifting


You had 5 spell levels left.
You didn't know any spells.
Your spell library contained the following spells:

 Spells                   Type           Power      Damage    Failure   Level
 Foxfire                  Conj/Fire      0%         2x1d4     38%         1
 Animate Dead             Necr           0%         N/A       99%         4
 Borgnjor's Vile Clutch   Necr/Erth      0%         N/A       100%        5
 Death Channel            Necr           0%         N/A       100%        6
 Plasma Beam              Fire/Air       0%         2x1d10    100%        6
 Starburst                Conj/Fire      0%         6d3       100%        6


Dungeon Overview and Level Annotations

Branches:
Dungeon (4/15)
 Temple: D:4-7

Altars:


Innate Abilities, Weirdness & Mutations

You are a hulking beast.
Your limbs bulge with bestial killing power. (Slay +2)
You cannot be hasted, slowed, berserked, paralysed or teleported.
You can dig through walls and to a lower floor.
You have a pair of large antennae on your head. (SInv)
Your four strong arms can wield two-handed weapons with a shield.


Message History

The orc wizard is severely wounded.
The orc wizard hits you with a +0 dagger.
The orc hits you with a +1 dagger of electrocution.
You hit the orc wizard.
You kill the orc wizard!
The orc barely misses you.
You punch the orc!
You kill the orc!
You barely miss the quokka. The quokka bites you.
You barely miss the quokka.
The quokka bites you but does no damage.
You closely miss the quokka. The quokka bites you.
You barely miss the quokka. The quokka completely misses you.
The sleepcap releases spores at you.
You are engulfed in a cloud of soporific spores!
You fall asleep.
The quokka bites you.
You wake up.
* * * LOW HITPOINT WARNING * * *
The sleepcap misses you. The quokka barely misses you.
Unknown command.
You barely miss the quokka. The quokka bites you.
* * * LOW HITPOINT WARNING * * *
The sleepcap releases spores at you but does no damage.
You hit the quokka.
The quokka is almost dead.
You block the quokka's attack. The sleepcap barely misses you.
You closely miss the quokka.
The quokka is almost dead.
The quokka misses you.
You barely miss the quokka.
The quokka is almost dead.
The sleepcap releases spores at you.
* * * LOW HITPOINT WARNING * * *
The quokka bites you.
* * * LOW HITPOINT WARNING * * *
Unknown command.
You punch the quokka!
You kill the quokka!
The sleepcap releases spores at you.
You die...

.. . #........ .
#........ ###+#
#........ #...#.....#
#........ '...#.....#
#........ #.<.# ....#
#........ #..##
...######))......
#..######.......h)..#
...†....#........f..#
........#...........#
........'...........#
...##+###...........#
...# .....####+#....#
...#......# #....#
...+......# #....#
##+#......# .|..#


You could see a sleepcap.

Vanquished Creatures
  A hound (D:4)
  An orc priest (D:4)
  An orc wizard (D:4)
  Robin (D:2)
  8 adders
  A worm (D:2)
  A dart slug (D:2)
  An orc (D:4)
  7 endoplasms
  3 giant cockroaches
  13 goblins
  8 hobgoblins
  7 jackals
  4 kobolds
  2 quokkas
  6 ball pythons
  2 bats
  2 frilled lizards
  4 rats
73 creatures vanquished.

Notes
Turn   | Place    | Note
-------+----------+-------------------------------------------
     0 | D:1      | Hubris850 the Formicid Shapeshifter began the quest for the
                  | Orb.
     0 | D:1      | Reached XP level 1. HP: 15/15 MP: 1/1
   271 | D:1      | Reached XP level 2. HP: 21/21 MP: 2/2
   394 | D:1      | Found a faded altar of an unknown god.
   645 | D:2      | Reached XP level 3. HP: 24/27 MP: 3/3
   686 | D:2      | Noticed Robin
   705 | D:2      | Killed Robin
   709 | D:2      | Reached XP level 4. HP: 28/33 MP: 4/4
  1493 | D:3      | Reached XP level 5. HP: 38/38 MP: 5/5
  2265 | D:4      | Reached XP level 6. HP: 35/44 MP: 6/6
  2298 | D:4      | Slain by a sleepcap

Illustrated notes

Levels and vault maps discovered:
D:1:      tarquinn_simple_flora_water_b, layout_rooms,
          hellmonk_ecumenical_altar_leap_of_faith
D:2:      layout_loops_ring, uniq_robin
D:3:      layout_rooms, dreamdust_wishing_well, minmay_goblin_kobold_house
D:4:      layout_gridville, mainiacjoe_overflow_small_starburst,
          cheibrodos_sewer_entry_bend

Skill      XL: |  1  2  3  4  5 |
---------------+----------------+-----
Dodging        | 2 3 |  3.4
Fighting       | 2 |  2.0
Shapeshifting  | 4 |  4.6
Unarmed Combat | 4 |  4.4

Action                     |  1- 3 |  4- 6 || total
---------------------------+-------+-------++-------
  Melee: Unarmed           |    63 |   135 ||   198
         Punch             |     2 |     3 ||     5
         Short sword       |       |    12 ||    12
   Stab: Sleeping          |     1 |     1 ||     2
 Armour: Leather armour    |    29 |    73 ||   102
         Animal skin       |     2 |       ||     2
  Dodge: Dodged            |    26 |    79 ||   105
  Block: Other             |     4 |    34 ||    38
         Reflection        |       |     2 ||     2

Table legend: (Time is in decaauts)
 A = Elapsed time spent in this place.
 B = Non-inter-level travel time spent in this place.
 C = Inter-level travel time spent in this place.
 D = Time resting spent in this place.
 E = Time spent auto-exploring this place.
 F = Levels seen in this place.
 G = Mean time per level.
                   A        B        C        D        E       F      G
               +--------+--------+--------+--------+--------+-----+--------+
         Total |   2281 |   2171 |    110 |     73 |   1534 |   4 |  570.2 |
       Dungeon |   2281 |   2171 |    110 |     73 |   1534 |   4 |  570.2 |
               +--------+--------+--------+--------+--------+-----+--------+

Top non-repeatable levels by time:
     D:2: 871 daAuts
     D:3: 744 daAuts
     D:1: 537 daAuts
     D:4: 128 daAuts
